General information
			
			
        
        - name: BNet
 
        - type: Ladder team game (AT/RT)
 
        - host: Battle.net
 
        - saver: Blahsmack
 
        
map: Highperch 
        - players: 6
 
        - length: 78:57
 
        - speed: Fast
 - version: 1.22 W3XP
 - replay type:  Public
 
» download(408 KB)
Players
        team 1 (winner) 
              
              
Blahsmack (
orange | 32 APM | 2566 actions | 78:57)
              
 4 Blademaster 
 2 Wind Walk
 2 Critical Strike
 2 Goblin Tinker 
 1 Pocket Factory
 1 Engineering Upgrade
 
                » actions 
                
                | Assign group hotkey | 1 |  | 
| Basic commands | 90 |  | 
| Build / train | 86 |  | 
| Enter build submenu | 40 |  | 
| Enter hero's abilities submenu | 6 |  | 
| Give item / drop item | 2 |  | 
| Right click | 1651 |  | 
| Select / deselect | 445 |  | 
| Select group hotkey | 4 |  | 
| Use ability | 241 |  | 
                2566 total
 » units 
                
                | Peon | 15 |  | 
| Troll Batrider | 18 |  | 
| Shaman | 2 |  | 
| Troll Witch Doctor | 1 |  | 
| Spirit Walker | 1 |  | 
| Wind Rider | 5 |  | 
                42 total
 » upgrades
                
                | Spiked Barricades | 3 |  | 
| Liquid Fire | 1 |  | 
| Reinforced Defenses | 1 |  | 
| Ranged Weapons | 3 |  | 
| Shaman Training | 2 |  | 
| Witch Doctor Training | 2 |  | 
| Spirit Walker Training | 2 |  | 
| Troll Regeneration | 1 |  | 
| Pillage | 1 |  | 
| Armor | 1 |  | 
| Envenomed Spears | 1 |  | 
                18 total
 » buildings
                
                | War Mill | 1 |  | 
| Orc Burrow | 8 |  | 
| Altar of Storms | 2 |  | 
| Watch Tower | 36 |  | 
| Voodoo Lounge | 2 |  | 
| Stronghold | 1 |  | 
| Fortress | 1 |  | 
| Beastiary | 2 |  | 
| Spirit Lodge | 1 |  | 
| Barracks | 1 |  | 
                55 total
 » build order
                00:08 War Mill
00:11 Orc Burrow
00:25 Altar of Storms
01:35 Watch Tower
02:15 Watch Tower
02:33 Orc Burrow
03:01 Watch Tower
03:29 Watch Tower
03:43 Watch Tower
04:39 Voodoo Lounge
04:44 Watch Tower
04:49 Watch Tower
05:09 Watch Tower
05:17 Watch Tower
05:56 Watch Tower
06:04 Stronghold
07:21 Watch Tower
07:22 Watch Tower
07:23 Watch Tower
07:25 Watch Tower
07:25 Watch Tower
07:28 Watch Tower
07:30 Watch Tower
08:41 Fortress
08:45 Beastiary
08:49 Orc Burrow
08:59 Orc Burrow
09:02 Beastiary
16:39 Voodoo Lounge
16:58 Spirit Lodge
17:08 Barracks
18:24 Watch Tower
18:24 Watch Tower
18:25 Watch Tower
23:43 Watch Tower
23:45 Watch Tower
23:48 Watch Tower
23:50 Watch Tower
24:37 Watch Tower
24:39 Watch Tower
27:12 Watch Tower
27:13 Watch Tower
27:14 Watch Tower
27:16 Watch Tower
27:17 Watch Tower
27:18 Watch Tower
27:56 Watch Tower
28:03 Watch Tower
28:06 Watch Tower
29:48 Watch Tower
38:49 Orc Burrow
50:30 Altar of Storms
50:58 Orc Burrow
51:25 Orc Burrow
51:40 Orc Burrow
» items
                
                | Healing Salve | 1 |  | 
| Lesser Clarity Potion | 1 |  | 
| Potion of Lesser Invulnerability | 3 |  | 
| Staff of Teleportation | 2 |  | 
| Tiny Great Hall | 1 |  | 
| Orb of Lightning | 2 |  | 
| Boots of Speed | 1 |  | 
| Scroll of Town Portal | 2 |  | 
| Potion of Healing | 1 |  | 
| Potion of Mana | 1 |  | 
                15 total
  
               
              
              
Ishamal (
yellow | 43 APM | 3360 actions | 78:54)
              
 5 Archmage 
 3 Blizzard
 2 Brilliance Aura
 5 Paladin 
 3 Holy Light
 2 Divine Shield
 5 Mountain King 
 3 Storm Bolt
 2 Bash
 
                » actions 
                
                | Assign group hotkey | 14 |  | 
| Basic commands | 62 |  | 
| Build / train | 128 |  | 
| ESC pressed | 1 |  | 
| Enter build submenu | 62 |  | 
| Enter hero's abilities submenu | 16 |  | 
| Give item / drop item | 11 |  | 
| Remove unit from queue | 12 |  | 
| Right click | 1748 |  | 
| Select / deselect | 774 |  | 
| Select group hotkey | 207 |  | 
| Use ability | 325 |  | 
                3360 total
 » units 
                
                | Peasant | 20 |  | 
| Dragonhawk Rider | 12 |  | 
| Sorceress | 1 |  | 
| Priest | 1 |  | 
                34 total
 » upgrades
                
                | Masonry | 3 |  | 
| Lumber Harvesting | 2 |  | 
| Magic Sentry | 1 |  | 
| Sorceress Training | 1 |  | 
| Cloud | 1 |  | 
| Armor | 3 |  | 
| Animal War Training | 1 |  | 
| Swords | 3 |  | 
| Priest Training | 1 |  | 
                16 total
 » buildings
                
                | Altar of Kings | 1 |  | 
| Farm | 20 |  | 
| Lumber Mill | 1 |  | 
| Scout Tower | 39 |  | 
| Arcane Tower | 3 |  | 
| Guard Tower | 18 |  | 
| Arcane Vault | 3 |  | 
| Keep | 1 |  | 
| Town Hall | 1 |  | 
| Castle | 1 |  | 
| Arcane Sanctum | 1 |  | 
| Gryphon Aviary | 2 |  | 
| Blacksmith | 1 |  | 
| Barracks | 1 |  | 
                93 total
 » build order
                00:04 Altar of Kings
00:18 Farm
00:55 Lumber Mill
01:35 Farm
01:37 Scout Tower
01:45 Scout Tower
02:03 Arcane Tower
02:27 Scout Tower
02:30 Scout Tower
02:31 Guard Tower
02:48 Scout Tower
02:50 Scout Tower
02:51 Scout Tower
02:58 Guard Tower
03:00 Guard Tower
03:23 Guard Tower
03:51 Guard Tower
03:52 Scout Tower
03:54 Scout Tower
03:55 Scout Tower
04:27 Guard Tower
04:28 Scout Tower
04:29 Scout Tower
04:38 Arcane Vault
04:53 Scout Tower
04:53 Scout Tower
05:04 Keep
05:27 Guard Tower
05:28 Scout Tower
05:29 Scout Tower
05:59 Guard Tower
06:20 Town Hall
06:42 Guard Tower
06:46 Scout Tower
06:47 Scout Tower
07:15 Scout Tower
07:17 Guard Tower
07:31 Farm
07:43 Arcane Tower
08:40 Farm
09:31 Castle
09:33 Arcane Sanctum
09:51 Guard Tower
10:52 Gryphon Aviary
11:29 Scout Tower
11:30 Scout Tower
11:30 Scout Tower
11:31 Scout Tower
11:32 Scout Tower
11:33 Scout Tower
11:33 Scout Tower
12:05 Guard Tower
12:18 Blacksmith
12:27 Guard Tower
12:50 Guard Tower
12:52 Scout Tower
12:53 Scout Tower
12:54 Scout Tower
12:55 Scout Tower
12:55 Scout Tower
12:56 Scout Tower
14:36 Farm
14:39 Barracks
15:06 Guard Tower
15:29 Scout Tower
15:29 Scout Tower
15:30 Scout Tower
15:34 Scout Tower
15:34 Scout Tower
16:05 Guard Tower
16:40 Guard Tower
20:14 Guard Tower
31:09 Farm
31:11 Farm
31:29 Arcane Vault
32:37 Gryphon Aviary
33:32 Farm
33:34 Farm
34:07 Farm
34:18 Farm
34:25 Farm
34:33 Farm
34:35 Farm
35:27 Farm
35:28 Farm
35:28 Farm
36:34 Scout Tower
37:49 Arcane Vault
37:50 Scout Tower
63:41 Arcane Tower
64:35 Farm
64:38 Farm
64:41 Farm
» items
                
                | Healing Salve | 4 |  | 
| Staff of Teleportation | 3 |  | 
| Boots of Speed | 3 |  | 
| Orb of Lightning | 3 |  | 
| Lesser Clarity Potion | 2 |  | 
| Potion of Healing | 2 |  | 
| Potion of Mana | 1 |  | 
| Staff of Sanctuary | 1 |  | 
| Scroll of Town Portal | 4 |  | 
| Potion of Lesser Invulnerability | 2 |  | 
                25 total
  
               
              
              
jonmitz (
teal | 49 APM | 3889 actions | 78:54)
              
 4 Archmage 
 2 Blizzard
 2 Brilliance Aura
 4 Dark Ranger 
 2 Silence
 2 Black Arrow
 
                » actions 
                
                | Assign group hotkey | 65 |  | 
| Basic commands | 263 |  | 
| Build / train | 118 |  | 
| ESC pressed | 18 |  | 
| Enter build submenu | 88 |  | 
| Enter hero's abilities submenu | 8 |  | 
| Give item / drop item | 9 |  | 
| Remove unit from queue | 3 |  | 
| Right click | 1563 |  | 
| Select / deselect | 879 |  | 
| Select group hotkey | 628 |  | 
| Use ability | 247 |  | 
                3889 total
 » units 
                
                | Peasant | 24 |  | 
| Dragonhawk Rider | 2 |  | 
| Gryphon Rider | 1 |  | 
| Priest | 2 |  | 
| Sorceress | 2 |  | 
                31 total
 » upgrades
                
                | Masonry | 3 |  | 
| Magic Sentry | 1 |  | 
| Storm Hammers | 1 |  | 
| Priest Training | 1 |  | 
                6 total
 » buildings
                
                | Blacksmith | 1 |  | 
| Altar of Kings | 3 |  | 
| Farm | 19 |  | 
| Lumber Mill | 1 |  | 
| Scout Tower | 81 |  | 
| Guard Tower | 29 |  | 
| Arcane Tower | 6 |  | 
| Arcane Vault | 4 |  | 
| Keep | 1 |  | 
| Castle | 1 |  | 
| Town Hall | 2 |  | 
| Arcane Sanctum | 1 |  | 
| Gryphon Aviary | 2 |  | 
                151 total
 » build order
                00:18 Blacksmith
00:20 Altar of Kings
00:22 Altar of Kings
00:25 Farm
00:30 Lumber Mill
01:28 Scout Tower
01:30 Scout Tower
01:39 Scout Tower
01:40 Scout Tower
01:47 Scout Tower
01:48 Scout Tower
01:55 Farm
02:22 Guard Tower
02:22 Guard Tower
02:22 Guard Tower
02:32 Farm
02:47 Guard Tower
03:01 Scout Tower
03:15 Scout Tower
03:16 Scout Tower
03:17 Scout Tower
03:27 Guard Tower
03:32 Guard Tower
03:56 Guard Tower
03:59 Arcane Tower
04:07 Scout Tower
04:08 Scout Tower
04:27 Guard Tower
04:29 Scout Tower
04:56 Arcane Vault
04:57 Guard Tower
05:00 Arcane Tower
05:07 Keep
05:10 Farm
05:11 Farm
05:21 Guard Tower
05:24 Scout Tower
05:25 Scout Tower
06:19 Scout Tower
06:20 Scout Tower
06:21 Scout Tower
07:16 Guard Tower
07:17 Guard Tower
07:18 Arcane Tower
07:20 Guard Tower
07:23 Scout Tower
07:29 Scout Tower
07:30 Scout Tower
07:31 Scout Tower
07:48 Castle
08:38 Guard Tower
08:54 Guard Tower
10:18 Town Hall
12:22 Arcane Sanctum
13:07 Scout Tower
13:08 Scout Tower
13:09 Scout Tower
13:09 Scout Tower
13:10 Scout Tower
13:11 Scout Tower
13:56 Scout Tower
13:57 Scout Tower
13:58 Scout Tower
13:59 Scout Tower
14:00 Scout Tower
14:01 Scout Tower
14:04 Gryphon Aviary
14:06 Gryphon Aviary
14:35 Guard Tower
14:38 Guard Tower
15:18 Guard Tower
16:45 Scout Tower
16:48 Scout Tower
16:50 Scout Tower
16:54 Scout Tower
16:58 Altar of Kings
17:18 Guard Tower
19:45 Farm
19:46 Farm
20:17 Scout Tower
20:20 Scout Tower
20:22 Scout Tower
20:24 Scout Tower
20:29 Scout Tower
20:30 Scout Tower
20:35 Scout Tower
20:37 Scout Tower
20:48 Guard Tower
21:08 Guard Tower
21:49 Guard Tower
21:50 Guard Tower
21:53 Scout Tower
21:54 Scout Tower
21:58 Scout Tower
22:27 Guard Tower
23:04 Arcane Tower
23:49 Arcane Tower
24:33 Scout Tower
24:41 Scout Tower
25:46 Scout Tower
26:02 Scout Tower
26:04 Scout Tower
26:10 Scout Tower
26:12 Scout Tower
26:19 Scout Tower
26:20 Scout Tower
26:22 Scout Tower
26:25 Scout Tower
26:26 Scout Tower
27:15 Scout Tower
27:18 Scout Tower
27:19 Scout Tower
27:20 Scout Tower
27:22 Scout Tower
27:22 Scout Tower
27:25 Scout Tower
27:26 Scout Tower
27:28 Guard Tower
28:27 Scout Tower
28:30 Scout Tower
28:31 Scout Tower
28:32 Scout Tower
28:35 Scout Tower
28:37 Scout Tower
28:39 Scout Tower
29:50 Guard Tower
29:56 Scout Tower
29:57 Scout Tower
30:44 Guard Tower
30:52 Scout Tower
31:24 Guard Tower
31:42 Arcane Tower
32:40 Arcane Vault
32:43 Arcane Vault
32:47 Arcane Vault
36:12 Town Hall
36:55 Farm
39:29 Farm
41:24 Farm
41:30 Scout Tower
42:28 Scout Tower
58:57 Farm
59:03 Farm
59:25 Farm
59:51 Farm
60:29 Farm
60:42 Farm
60:47 Farm
60:56 Farm
61:00 Farm
» items
                
                | Scroll of Healing | 1 |  | 
| Potion of Healing | 4 |  | 
| Orb of Fire | 1 |  | 
| Orb of Lightning | 1 |  | 
| Scroll of Town Portal | 4 |  | 
| Staff of Sanctuary | 1 |  | 
| Staff of Teleportation | 2 |  | 
| Mechanical Critter | 10 |  | 
| Periapt of Vitality | 3 |  | 
| Boots of Speed | 1 |  | 
| Circlet of Nobility | 1 |  | 
| Potion of Lesser Invulnerability | 1 |  | 
                30 total
  
               team 2 (loser) 
              
              
Holywar (
blue | 46 APM | 3382 actions | 73:05)
              
 7 Paladin 
 2 Holy Light
 2 Divine Shield
 2 Devotion Aura
 1 Resurrection
 1 Mountain King 
 1 Storm Bolt
 
                » actions 
                
                | Assign group hotkey | 50 |  | 
| Basic commands | 307 |  | 
| Build / train | 99 |  | 
| ESC pressed | 1 |  | 
| Enter build submenu | 32 |  | 
| Enter hero's abilities submenu | 8 |  | 
| Give item / drop item | 9 |  | 
| Right click | 881 |  | 
| Select / deselect | 728 |  | 
| Select group hotkey | 1079 |  | 
| Use ability | 188 |  | 
                3382 total
 » units 
                
                | Peasant | 12 |  | 
| Footman | 3 |  | 
| Rifleman | 7 |  | 
| Priest | 4 |  | 
| Dragonhawk Rider | 12 |  | 
| Gryphon Rider | 3 |  | 
| Sorceress | 2 |  | 
| Mortar Team | 16 |  | 
| Siege Engine | 8 |  | 
| Flying Machine | 2 |  | 
                69 total
 » upgrades
                
                | Defend | 1 |  | 
| Gunpowder | 2 |  | 
| Plating | 2 |  | 
| Masonry | 1 |  | 
| Long Rifles | 1 |  | 
| Lumber Harvesting | 1 |  | 
| Swords | 2 |  | 
| Cloud | 1 |  | 
| Storm Hammers | 1 |  | 
| Armor | 1 |  | 
| Barrage | 1 |  | 
| Fragmentation Shards | 1 |  | 
| Flare | 1 |  | 
                16 total
 » buildings
                
                | Altar of Kings | 1 |  | 
| Barracks | 1 |  | 
| Farm | 14 |  | 
| Blacksmith | 1 |  | 
| Scout Tower | 1 |  | 
| Lumber Mill | 2 |  | 
| Keep | 1 |  | 
| Arcane Tower | 1 |  | 
| Arcane Sanctum | 2 |  | 
| Arcane Vault | 1 |  | 
| Workshop | 4 |  | 
| Gryphon Aviary | 2 |  | 
| Castle | 1 |  | 
| Town Hall | 1 |  | 
                33 total
 » build order
                00:14 Altar of Kings
00:23 Barracks
00:36 Farm
01:06 Farm
01:50 Blacksmith
01:59 Scout Tower
03:03 Farm
03:05 Farm
03:14 Lumber Mill
03:23 Farm
04:22 Keep
04:34 Arcane Tower
04:39 Farm
06:45 Arcane Sanctum
06:48 Arcane Sanctum
06:52 Arcane Vault
07:47 Workshop
07:58 Gryphon Aviary
08:11 Gryphon Aviary
08:34 Farm
09:34 Castle
10:09 Farm
10:19 Farm
13:10 Farm
14:19 Town Hall
15:08 Farm
18:50 Workshop
18:54 Workshop
19:59 Workshop
21:03 Lumber Mill
23:30 Farm
24:04 Farm
24:13 Farm
 
               
              
              
local1 (
pink | 93 APM | 6829 actions | 73:38)
              
 5 Far Seer 
 3 Feral Spirit
 1 Chain Lighting
 1 Far Sight
 
                » actions 
                
                | Assign group hotkey | 27 |  | 
| Basic commands | 3 |  | 
| Build / train | 57 |  | 
| Enter build submenu | 24 |  | 
| Enter hero's abilities submenu | 16 |  | 
| Give item / drop item | 1 |  | 
| Right click | 3329 |  | 
| Select / deselect | 513 |  | 
| Select group hotkey | 2636 |  | 
| Use ability | 223 |  | 
                6829 total
 » units 
                
                | Peon | 10 |  | 
| Grunt | 4 |  | 
| Raider | 2 |  | 
| Demolisher | 2 |  | 
| Tauren | 1 |  | 
| Wind Rider | 6 |  | 
| Troll Witch Doctor | 9 |  | 
| Shaman | 3 |  | 
| Troll Batrider | 1 |  | 
                38 total
 » upgrades
                
                | Armor | 2 |  | 
| Ensnare | 1 |  | 
| Envenomed Spears | 1 |  | 
| Ranged Weapons | 1 |  | 
| Berserker Upgrade | 1 |  | 
| Witch Doctor Training | 2 |  | 
| Shaman Training | 2 |  | 
                10 total
 » buildings
                
                | Altar of Storms | 1 |  | 
| Orc Burrow | 9 |  | 
| Barracks | 1 |  | 
| Stronghold | 1 |  | 
| War Mill | 1 |  | 
| Watch Tower | 1 |  | 
| Fortress | 1 |  | 
| Beastiary | 3 |  | 
| Tauren Totem | 1 |  | 
| Spirit Lodge | 3 |  | 
| Voodoo Lounge | 1 |  | 
                23 total
 » build order
                00:09 Altar of Storms
00:16 Orc Burrow
01:12 Barracks
01:20 Orc Burrow
02:52 Orc Burrow
03:23 Stronghold
04:17 War Mill
05:50 Watch Tower
05:51 Fortress
06:03 Beastiary
08:14 Tauren Totem
08:18 Orc Burrow
10:06 Beastiary
11:16 Beastiary
11:54 Orc Burrow
12:39 Orc Burrow
13:32 Orc Burrow
14:04 Orc Burrow
15:31 Orc Burrow
18:23 Spirit Lodge
18:30 Spirit Lodge
19:48 Spirit Lodge
21:21 Voodoo Lounge
 
               
              
              
pd2ntwk (
green | 42 APM | 3288 actions | 78:53)
              
 2 Dreadlord 
 1 Sleep
 1 Vampiric Aura
 3 Death Knight 
 1 Death Coil
 2 Unholy Aura
 2 Crypt Lord 
 1 Carrion Beetles
 1 Spiked Carapace
 
                » actions 
                
                | Assign group hotkey | 33 |  | 
| Basic commands | 371 |  | 
| Build / train | 99 |  | 
| ESC pressed | 5 |  | 
| Enter build submenu | 27 |  | 
| Enter hero's abilities submenu | 7 |  | 
| Remove unit from queue | 1 |  | 
| Right click | 1072 |  | 
| Select / deselect | 918 |  | 
| Select group hotkey | 627 |  | 
| Use ability | 128 |  | 
                3288 total
 » units 
                
                | Acolyte | 15 |  | 
| Ghoul | 8 |  | 
| Gargoyle | 6 |  | 
| Frost Wyrm | 7 |  | 
| Necromancer | 8 |  | 
| Crypt Fiend | 1 |  | 
| Meatwagon | 12 |  | 
                57 total
 » upgrades
                
                | Cannibalize | 1 |  | 
| Creature Attack | 3 |  | 
| Freezing Breath | 1 |  | 
| Necromancer Training | 2 |  | 
| Creature Carapace | 2 |  | 
| Skeletal Mastery | 1 |  | 
| Web | 1 |  | 
| Unholy Strength | 3 |  | 
| Exhume Corpses | 1 |  | 
| Skeletal Longevity | 1 |  | 
| Ghoul Frenzy | 1 |  | 
| Unholy Armor | 2 |  | 
| Disease Cloud | 1 |  | 
| Stone Form | 1 |  | 
| Banshee Training | 2 |  | 
                23 total
 » buildings
                
                | Crypt | 2 |  | 
| Ziggurat | 10 |  | 
| Altar of Darkness | 1 |  | 
| Graveyard | 1 |  | 
| Nerubian Tower | 4 |  | 
| Halls of the Dead | 1 |  | 
| Spirit Tower | 2 |  | 
| Sacrificial Pit | 1 |  | 
| Black Citadel | 1 |  | 
| Boneyard | 2 |  | 
| Necropolis | 1 |  | 
| Temple of the Damned | 2 |  | 
| Slaughterhouse | 1 |  | 
| Tomb of Relics | 1 |  | 
                30 total
 » build order
                00:17 Crypt
00:25 Ziggurat
00:33 Altar of Darkness
01:20 Graveyard
01:49 Ziggurat
02:16 Nerubian Tower
03:02 Halls of the Dead
03:48 Spirit Tower
04:55 Ziggurat
06:23 Nerubian Tower
07:00 Sacrificial Pit
08:41 Black Citadel
09:30 Ziggurat
10:15 Ziggurat
10:18 Ziggurat
11:04 Boneyard
11:08 Boneyard
11:54 Crypt
16:40 Necropolis
19:30 Ziggurat
19:36 Temple of the Damned
22:19 Temple of the Damned
22:37 Slaughterhouse
28:24 Ziggurat
34:02 Ziggurat
36:35 Spirit Tower
36:36 Nerubian Tower
36:37 Ziggurat
41:25 Nerubian Tower
41:27 Tomb of Relics
 
                Chat log
          (00:04 / Allies) jonmitz: i have never
(00:08 / All) jonmitz: hi
(00:10 / Allies) Ishamal: yayayayay
(00:12 / All) jonmitz: no rush 15?
(00:17 / All) Blahsmack: please
(00:18 / All) Blahsmack: manner
(00:29 / All) Holywar: lol
(00:35 / All) jonmitz: 4vs1 comp stomp
(00:50 / Allies) Blahsmack: happy face
(01:04 / Allies) Ishamal: blah tower left
(01:06 / Allies) Ishamal: with the noob
(01:11 / Allies) Blahsmack: ok
(03:08 / Allies) Blahsmack: back
(03:09 / Allies) Blahsmack: back
(03:11 / Allies) Ishamal: teching
(03:14 / Allies) Ishamal: techiing\
(03:47 / Allies) Ishamal: no manas
(04:14 / Allies) Ishamal: lol
(04:15 / Allies) Ishamal: 2 acos
(04:17 / Allies) Ishamal: poor boy
(04:22 / Allies) jonmitz: teching
(04:23 / Allies) Ishamal: will he be smart and cancel tech?
(04:43 / Allies) jonmitz: teching
(05:35 / Allies) Blahsmack: actualy
(05:39 / Allies) Blahsmack: creep there green
(05:41 / Allies) Blahsmack: campz
(06:51 / Allies) Ishamal: nice
(08:17 / Allies) jonmitz: how
(08:52 / Allies) Blahsmack: throw
(08:52 / Allies) Blahsmack: me
(08:53 / Allies) Blahsmack: sum
(08:55 / Allies) Blahsmack: lum
(09:16 / Allies) Blahsmack: aoe
(10:29 / Allies) jonmitz: when did they scout us
(11:13 / Allies) jonmitz: when do we highperch
(11:42 / Allies) Blahsmack: when i get my blackass up the mountain
(11:50 / Allies) Blahsmack: lil gold
(12:13 / Allies) Ishamal: get sight jon
(12:17 / Allies) Blahsmack: sightz
(12:18 / Allies) Blahsmack: so true
(13:08 / Allies) Ishamal: lawl
(13:55 / Allies) Blahsmack: get hawkz
(14:04 / Allies) Ishamal: i have some
(15:57 / Allies) Ishamal: blah can i get a orc shop over here?
(16:22 / All) Blahsmack: :)
(16:35 / Allies) Ishamal: perch dat shit
(16:48 / Allies) Blahsmack: gold me
(16:49 / Allies) Blahsmack: brohan
(16:58 / All) Ishamal: im still here :\
(16:59 / Allies) jonmitz: bad news bears
(17:01 / Allies) jonmitz: hi
(17:20 / Allies) jonmitz: fuckkk
(17:25 / Allies) Ishamal: bat dat shit
(17:27 / All) Blahsmack: blue is hacking
(17:28 / Allies) Ishamal: sending hawks
(18:55 / Allies) Blahsmack: lumber me
(19:52 / Allies) Blahsmack: towahz
(19:59 / Allies) Ishamal: bat dat shit
(20:12 / Allies) jonmitz: i low lumber :|
(22:03 / Allies) jonmitz: should i leave room to walk/rapir
(22:05 / Allies) jonmitz: repair
(22:06 / Allies) jonmitz: or
(22:11 / Allies) Blahsmack: k8ills trees
(22:11 / Allies) Ishamal: yes
(22:13 / Allies) Blahsmack: do one ring
(22:15 / Allies) Ishamal: make it 2 deep
(22:15 / Allies) Blahsmack: of twoah
(22:17 / Allies) Blahsmack: on the edge
(22:18 / Allies) Ishamal: all around edge
(22:19 / Allies) jonmitz: j
(22:21 / Allies) jonmitz: k
(22:35 / Allies) Blahsmack: kill all trees u kan
(23:14 / Allies) Blahsmack: gold me
(23:58 / Allies) Ishamal: oops
(24:03 / Allies) Ishamal: he didnt have a tp staff
(24:47 / Allies) Ishamal: aoe
(25:54 / Allies) jonmitz: god tree
(25:56 / Allies) jonmitz: i cant cut down
(27:28 / Allies) Blahsmack: thats blocking
(27:31 / Allies) Blahsmack: jon
(27:35 / Allies) jonmitz: :downs
(27:37 / Allies) Blahsmack: one layer
(27:39 / Allies) Blahsmack: on the front
(27:43 / Allies) jonmitz: k
(27:50 / Allies) Blahsmack: 2 layers on da sidez
(28:15 / Allies) Blahsmack: gold me
(28:22 / Allies) Blahsmack: ill get wyvernz
(30:08 / Allies) Blahsmack: let em take the ground
(30:10 / Allies) Blahsmack: or what
(30:15 / Allies) jonmitz: agree
(30:18 / Allies) Ishamal: mines almost empty
(30:18 / Allies) Blahsmack: we got no more gold left
(30:33 / Allies) Ishamal: ugh
(30:34 / Allies) jonmitz: cut trees
(30:35 / Allies) jonmitz: go
(31:50 / All) jonmitz: gg :(
(31:54 / All) Holywar: gg
(31:56 / All) jonmitz: has left the game.
(32:00 / All) Holywar: lol
(32:02 / Allies) jonmitz: keke
(32:13 / Allies) Ishamal: shit
(32:17 / Allies) Ishamal: we need critters
(32:20 / Allies) Ishamal: drop critters
(32:24 / Allies) jonmitz: on it
(32:49 / Allies) Blahsmack: 500 mulah
(32:52 / Allies) Blahsmack: pleasuh
(33:05 / Allies) jonmitz: wyv
(33:07 / Allies) jonmitz: save dem
(34:13 / Allies) jonmitz: critters made
(34:35 / Allies) jonmitz: i need a staff of tp
(34:37 / Allies) jonmitz: buy one plz
(34:37 / Allies) jonmitz: :3
(34:47 / Allies) Ishamal: did u drop critters?
(34:51 / Allies) jonmitz: like
(34:52 / Allies) jonmitz: 8 or 9
(34:56 / Allies) Ishamal: k
(34:56 / Allies) jonmitz: they all over the place
(35:01 / Allies) Ishamal: good good
(35:29 / Allies) Blahsmack: call to arms
(35:30 / Allies) Blahsmack: teal
(35:33 / All) Blahsmack: CALL TO ARNS
(35:36 / All) Blahsmack: LAST STANDZ
(35:39 / All) jonmitz: YOU DIE
(35:40 / All) Holywar: lol
(35:41 / All) jonmitz: NOW
(35:45 / All) Blahsmack: CALL 2 BARNZ
(35:45 / Allies) jonmitz: i think they revealed us
(35:56 / Allies) jonmitz: i buyed staff
(35:57 / Allies) jonmitz: u givde
(36:29 / Allies) jonmitz: give to ranger
(36:30 / Allies) jonmitz: if you can
(36:40 / Allies) Ishamal: need something to sanctuary too
(37:48 / All) jonmitz: u guys r good
(37:52 / All) jonmitz: do you play professionally
(37:53 / All) Holywar: thx u2
(38:21 / Allies) jonmitz: fucking cooldown
(38:36 / Allies) jonmitz: pig ^____^
(38:44 / Allies) jonmitz: oink oink
(38:57 / Allies) jonmitz: green seems to kill them
(39:00 / Allies) jonmitz: there was on in his base
(39:06 / Allies) Ishamal: hide them in trees
(39:09 / Allies) Ishamal: and put them on hold
(39:37 / All) jonmitz: ???
(40:37 / Allies) Ishamal: empty im sure
(40:41 / Allies) jonmitz: only 2k gold left
(40:43 / All) Blahsmack: fuk gg
(40:48 / All) Blahsmack: they foudn ur secret
(40:57 / All) jonmitz: i have a town hall
(40:58 / All) jonmitz: :D
(41:17 / Allies) Ishamal: o shiiit
(41:41 / Allies) Ishamal: pendants
(41:42 / Allies) Ishamal: sweet
(41:44 / Allies) Ishamal: ill get that
(42:26 / All) Ishamal: GG
(42:30 / All) Ishamal: o snap
(43:17 / Allies) jonmitz: retard
(43:27 / All) jonmitz: no (comma)  u r 
(43:34 / All) Holywar: lol
(43:45 / All) Holywar: yes but i enjoy it
(43:53 / Allies) jonmitz: pig
(44:20 / Allies) jonmitz: we need more pigs
(44:24 / Allies) jonmitz: ish
(44:25 / Allies) jonmitz: blow up your farms
(44:28 / Allies) jonmitz: i will make a arcane
(44:33 / Allies) Ishamal: i have one
(44:33 / Allies) Ishamal: nub
(44:36 / Allies) jonmitz: oh
(44:37 / Allies) jonmitz: hi
(44:37 / Allies) jonmitz: :#
(45:14 / Allies) jonmitz: f y i
(45:54 / Allies) Ishamal: ugh o
(46:01 / Allies) Ishamal: dun like sleep
(46:25 / Allies) Ishamal: i want mah pally back
(46:26 / All) jonmitz: afk 2 hours
(46:26 / Allies) Ishamal: waaaaaaaah
(46:34 / All) Blahsmack: brbr doods
(46:39 / All) pd2ntwk: us 2
(46:46 / All) Holywar: im goin to bed
(46:46 / All) pd2ntwk: we gonna take a long shit
(46:48 / Allies) Ishamal: moar bm harrass
(46:53 / Allies) Ishamal: start killing shit with him
(47:05 / All) local1: brb going to watch a movie
(47:11 / All) jonmitz: lataz
(47:13 / All) jonmitz: we all meet back in... say 2 hours?
(47:18 / All) pd2ntwk: naw 2 days
(47:18 / All) Blahsmack: welcome to highperch
(47:22 / All) Blahsmack: enjoy your stay
(47:27 / All) local1: i think 3 days
(47:32 / All) Blahsmack: abandon all hope ye who get highperch
(47:50 / Allies) Ishamal: kill
(48:10 / Allies) jonmitz: silence
(48:11 / Allies) jonmitz: comming
(48:11 / Allies) jonmitz: lol
(48:16 / All) Blahsmack: lol
(48:17 / All) jonmitz: nos pells 4
(48:20 / Allies) Blahsmack: u
(48:22 / All) Blahsmack: iu
(48:48 / Allies) Blahsmack: lol
(48:52 / All) Blahsmack: KEKEKKEE
(49:04 / Allies) Blahsmack: maaan why do i have to harss
(49:05 / Allies) jonmitz: but seriousl
(49:09 / Allies) Blahsmack: im having fun watching u guys
(49:09 / Allies) jonmitz: i've had to pee since the last game
(49:14 / Allies) jonmitz: keep my heroes alive
(49:14 / Allies) jonmitz: brb
(49:15 / Allies) Blahsmack: go pee pee
(49:19 / Allies) Blahsmack: in da fountain
(49:22 / Allies) Blahsmack: recyle da urine
(49:46 / Allies) Blahsmack: dont 4 get to use mah spirit walker
(49:49 / Allies) Blahsmack: to hpz u
(50:08 / Allies) Ishamal: blah
(50:10 / Allies) Ishamal: use your bm
(50:12 / Allies) Ishamal: kills shit
(50:16 / Allies) Blahsmack: dont have alter
(50:18 / Allies) Blahsmack: or racks
(50:19 / Allies) Ishamal: you need lvl 6
(51:05 / Allies) Blahsmack: give sum gold
(51:17 / Allies) Ishamal: just carry an invul blah
(51:53 / Allies) Blahsmack: sum gold?
(52:01 / Allies) Blahsmack: cool
(52:21 / Allies) jonmitz: can i tp while invul? i belieb the answer is yes
(52:28 / Allies) Ishamal: no
(52:33 / Allies) jonmitz: yeah i can
(52:36 / Allies) jonmitz: i just did
(52:36 / Allies) Ishamal: rly?
(52:38 / Allies) Ishamal: pro
(52:55 / Allies) jonmitz: dancing peasants
(52:59 / Allies) jonmitz: they are happy
(53:00 / Allies) jonmitz: at this camp
(53:03 / Allies) jonmitz: they call
(53:05 / Allies) jonmitz: "camp highperch"
(53:06 / Allies) Ishamal: lol
(53:29 / Allies) jonmitz: i want a lvl 6 ranger
(53:31 / Allies) jonmitz: that would be fun
(53:32 / Allies) jonmitz: :(
(53:36 / Allies) Ishamal: kill stuff
(53:41 / Allies) Ishamal: burrows give exp
(53:45 / Allies) Ishamal: tower
(53:47 / Allies) jonmitz: o... rly...
(53:50 / Allies) Ishamal: zigs
(54:43 / Allies) jonmitz: kekeke
(54:45 / Allies) jonmitz: 1100 hp
(54:49 / Allies) jonmitz: ranger <3
(55:08 / Allies) jonmitz: ims tuck
(55:09 / Allies) jonmitz: send help
(55:48 / Allies) jonmitz: hm
(56:43 / Allies) Blahsmack: here dey cum
(56:58 / Allies) jonmitz: what if they
(57:00 / Allies) jonmitz: highperched
(57:02 / Allies) jonmitz: ...
(57:05 / Allies) Blahsmack: lol
(57:05 / Allies) Ishamal: we would laff
(57:10 / Allies) Ishamal: i had a team do that once
(57:13 / Allies) Ishamal: it was funny
(57:15 / Allies) jonmitz: :3
(57:18 / Allies) Ishamal: lucky we had a warden
(57:24 / Allies) Ishamal: so we just ported all our heroes over
(57:26 / Allies) Ishamal: and blew htem up
(58:27 / Allies) Blahsmack: b
(58:28 / Allies) Blahsmack: b
(58:29 / Allies) Blahsmack: b
(58:34 / Allies) Ishamal: lol
(58:37 / Allies) Ishamal: wagons and morts
(58:40 / Allies) Ishamal: thats all they got
(58:43 / Allies) jonmitz: arch mage didnt make it
(58:46 / Allies) jonmitz: unfortunate
(58:58 / Allies) Ishamal: blah take out those gyros
(59:06 / Allies) Ishamal: just a ww pop and they will blow
(60:04 / Allies) jonmitz: poop is me
(60:18 / Allies) jonmitz: tell him we all afk
(60:25 / Allies) jonmitz: b/c highperch
(60:28 / Allies) Blahsmack: ahahhaa
(60:32 / Allies) Blahsmack: are you paging plants
(60:36 / Allies) Blahsmack: keep it up
(61:42 / Allies) jonmitz: 38 gold
(61:43 / Allies) jonmitz: woo
(62:09 / Allies) Ishamal: start popping wagons blah
(62:15 / Allies) Blahsmack: nomanaz
(62:28 / Allies) Ishamal: chill out by jons am
(62:39 / Allies) Ishamal: o wait
(62:41 / Allies) Ishamal: hes up here
(62:41 / Allies) jonmitz: hes almost back
(62:43 / Allies) Ishamal: ill come down
(62:44 / Allies) Ishamal: just wait
(62:48 / Allies) jonmitz: my am
(62:55 / Allies) jonmitz: got his throat sliced
(63:16 / All) jonmitz: see the dancing peasants in our camp
(63:21 / All) jonmitz: do you know why they are dancing
(63:37 / Allies) Ishamal: once u got manaz blah we can ruin those wagons
(63:38 / All) Blahsmack: for tomamrow they die
(63:56 / All) Blahsmack: so the celebrate life in the face of death
(64:06 / Allies) Ishamal: i want my pally back :*(
(64:10 / Allies) Ishamal: WAAAHHHH
(64:19 / Allies) jonmitz: get him then?
(64:30 / Allies) Ishamal: not enuf room for alter and farmz
(64:34 / Allies) jonmitz: make farms
(64:37 / Allies) jonmitz: then blow them up
(64:41 / Allies) jonmitz: oh
(64:55 / Allies) Ishamal: lets rape this
(65:37 / Allies) jonmitz: wow im alive
(65:43 / Allies) Blahsmack: iiiiiii
(65:43 / Allies) jonmitz: ^_^
(65:48 / Allies) Ishamal: did we kill anything?
(65:49 / Allies) Blahsmack: feeeeeeeel sooo allliiiivvvveee
(65:50 / All) local1: how did you get up their
(65:54 / All) Blahsmack: zepllin
(65:55 / All) jonmitz: hacked
(65:56 / All) Blahsmack: shop
(65:57 / All) jonmitz: tbqh
(65:59 / All) Blahsmack: in the middle
(66:01 / All) Ishamal: sucked lotsa cocked
(66:05 / All) Holywar: lol
(66:12 / All) jonmitz: we all have different answers
(66:18 / All) jonmitz: we should get our story straight
(66:26 / All) Blahsmack: just isolate us
(66:26 / All) jonmitz: we had our warden blink up there
(66:31 / All) Blahsmack: in diffrent rooms
(66:35 / All) local1: seriously how did you get up their
(66:40 / All) local1: i think its very interesting
(66:40 / All) Blahsmack: look man
(66:43 / All) Blahsmack: johngalt
(66:46 / All) Blahsmack: is the friend
(66:49 / All) Blahsmack: of my cousin
(66:52 / All) Blahsmack: who made this map
(66:53 / All) Blahsmack: for warcraft 3
(67:09 / All) Blahsmack: do you know how john galt is?
(67:16 / All) local1: yes i know him
(67:18 / All) jonmitz: i bet they dont know LOL
(67:27 / All) Holywar: i bet they don't either
(67:28 / All) local1: john galt is the president
(67:29 / All) Holywar: haha
(67:32 / All) Holywar: how gay
(67:35 / All) Holywar: they are
(67:46 / Allies) jonmitz: ^__________________^
(67:49 / Allies) Ishamal: yayayaya
(68:34 / Allies) Ishamal: kill it!!!
(68:41 / All) jonmitz: peace out hoies
(68:49 / Allies) jonmitz: what the fuck
(68:54 / Allies) jonmitz: his tp got cancelled
(68:59 / Allies) jonmitz: i need 300 gold
(69:03 / Allies) Ishamal: thats what i said
(69:07 / Allies) Ishamal: cant tp while invuln
(69:12 / Allies) jonmitz: i want invul
(69:14 / Allies) jonmitz: i was tping
(69:16 / Allies) jonmitz: OH
(69:17 / Allies) Ishamal: yes
(69:19 / Allies) jonmitz: he got bolted
(69:20 / Allies) Ishamal: and it cancels invul
(69:23 / Allies) jonmitz: no
(69:25 / Allies) jonmitz: he got bolted
(69:26 / Allies) jonmitz: :(
(69:30 / Allies) Ishamal: i know
(69:33 / Allies) Ishamal: but when u tp
(69:33 / Allies) Blahsmack: well time to be serious now
(69:34 / Allies) jonmitz: but anyways
(69:36 / Allies) jonmitz: i need 300 gold
(69:37 / Allies) Ishamal: it cancels his invul
(69:49 / Allies) jonmitz: thx
(69:58 / Allies) Ishamal: lets kill
(70:01 / Allies) Ishamal: everyone come
(70:05 / Allies) Ishamal: i can heal like a pro
(70:22 / Allies) jonmitz: ranger is like
(70:26 / Allies) jonmitz: :(
(70:32 / Allies) jonmitz: arch mage is like
(70:35 / Allies) jonmitz: :(
(70:38 / Allies) Ishamal: lol
(70:44 / Allies) jonmitz: peasant
(70:47 / Allies) Ishamal: when your staff is cd plah
(70:49 / Allies) Ishamal: lets go
(70:57 / Allies) Blahsmack: gogogog
(71:00 / Allies) Ishamal: u go first
(71:03 / Allies) Ishamal: scout it out
(71:07 / Allies) Ishamal: make sure i wont blow up
(71:09 / Allies) jonmitz: lol
(71:14 / Allies) jonmitz: they're trying to attack ground us
(71:27 / Allies) Ishamal: port here
(73:02 / All) local1: i admit this was the best
(73:07 / All) Ishamal: gg nubs
(73:11 / All) Blahsmack: 2ez
(73:15 / All) jonmitz: try harder next time
(73:23 / All) Blahsmack: winners dont use drugs
(73:28 / All) jonmitz: etc etc
(73:31 / All) local1: ill save replay and report
(73:35 / All) Ishamal: ahahaha
(73:39 / All) Ishamal: you wont be the first
(73:48 / All) jonmitz: we have inlimited cd keys
(73:56 / All) jonmitz: we w ork at blizzard
(74:06 / All) Blahsmack: we are stress testing
(74:09 / All) Blahsmack: the maps
(74:17 / Allies) Blahsmack: i cant move my guy
(76:40 / Allies) Ishamal: fest
(77:08 / Allies) Ishamal: lets kill the ud
(77:09 / All) Blahsmack: find all these replays and more at www.highper.ch
(77:16 / All) Blahsmack: ask and adult before you go online
(77:24 / All) pd2ntwk: globlin tinker
(77:30 / All) pd2ntwk: goblin tinker
(77:31 / All) jonmitz: uh no
(77:32 / All) Blahsmack: you figured it out?
(77:32 / All) jonmitz: what
(77:33 / All) jonmitz: ?
(77:37 / All) Ishamal: gobline tinkler?
(77:40 / All) jonmitz: warden blink RETARD
(77:43 / All) Ishamal: like he pisses?
(78:03 / All) Blahsmack: maps is called highperch for a reason
(78:12 / All) pd2ntwk: interesting that the factory is a teleportable unit
(78:20 / All) Blahsmack: why wouldnt it be
(78:23 / All) Blahsmack: its a unit
(78:29 / All) pd2ntwk: yes it is
(78:30 / All) Blahsmack: tp staff works on all ground units
(78:37 / All) pd2ntwk: yep